 Dungeon Crawl Stone Soup version 0.30-a0-6-g7c9e10e132 (webtiles) character file.

Game seed: 13972393196656464835

613 SensoryNuts the Cleaver (level 7, 0/60 HPs)
             Began as a Hill Orc Fighter on Aug 22, 2022.
             Was an Initiate of Gozag.
             Succumbed to a water moccasin's poison
             ... on level 6 of the Dungeon.
             The game lasted 00:04:52 (5370 turns).

SensoryNuts the Cleaver (Hill Orc Fighter)          Turns: 5370, Time: 00:04:53

Health: 0/60       AC: 10    Str: 20 (21) XL:     7   Next: 44%
Magic:  7/7        EV: 13    Int:  8      God:    Gozag
Gold:   301        SH:  4    Dex:  9 (10) Spells: 6/6 levels left

rFire   . . .      SeeInvis .    a - +3 war axe
rCold   . . .      Faith    .    c - +0 buckler
rNeg    . . .      Spirit   .    b - +0 scale mail
rPois   .          Reflect  .    (no helmet)
rElec   .          Harm     .    I - +2 cloak
rCorr   .          Rampage  .    (no gloves)
Will    .....      Rage     3%   (no boots)
Stlth   ..........               (no amulet)
HPRegen 0.20/turn                k - ring of flight
MPRegen 0.10/turn                o - +4 ring of evasion

@: lethally poisoned (0 -> -20), gold aura, on berserk cooldown, flying, slowed,
very slow
A: berserk 1
a: Renounce Religion, Convert to Beogh, Potion Petition, Call Merchant, Bribe
Branch


You were on level 6 of the Dungeon.
You worshipped Gozag.
Gozag was aware of your devotion.
You visited 2 branches of the dungeon, and saw 7 of its levels.

You collected 371 gold pieces.
You paid 70 gold pieces to Gozag.

Inventory:

Hand Weapons
 a - a +3 war axe (weapon)
Armour
 b - a +0 scale mail (worn)
 c - a +0 buckler (worn)
 I - a +2 cloak (worn)
Jewellery
 j - an amulet of magic regeneration
 k - a ring of flight (left hand)
 l - a ring of wizardry
 o - a +4 ring of evasion (right hand)
 w - a ring of magical power
 y - a ring of resist corrosion
Wands
 E - a wand of iceblast (10)
Scrolls
 r - 2 scrolls of butterflies
 u - 2 scrolls of teleportation
 v - a scroll of noise
 B - a scroll of blinking
 C - 2 scrolls of magic mapping
 D - a scroll of summoning
 G - a scroll of amnesia
 H - a scroll of vulnerability
Potions
 d - a potion of might
 e - a potion of curing
 h - 2 potions of resistance
 n - a potion of flight
 p - 2 potions of attraction
 z - a potion of heal wounds


   Skills:
 + Level 4.8 Fighting
 * Level 8.0 Axes
 + Level 4.8 Armour
 + Level 0.9 Dodging
 + Level 0.4 Stealth
 + Level 4.1 Shields


You had 6 spell levels left.
You didn't know any spells.
Your spell library contained the following spells:

 Spells                   Type           Power      Damage    Failure   Level
 Gell's Gravitas          Tloc           0%         N/A       99%         3
 Teleport Other           Tloc           0%         N/A       99%         3
 Dispersal                Tloc           0%         N/A       100%        6
 Malign Gateway           Summ/Tloc      0%         N/A       100%        7
 Summon Horrible Things   Summ           0%         N/A       100%        8


Dungeon Overview and Level Annotations

Branches:
Dungeon (6/15)             Temple (1/1) D:4

Altars:
Ashenzari
Cheibriados
Dithmenos
Elyvilon
Fedhas
Gozag
Hepliaklqana
Kikubaaqudgha
Nemelex Xobeh
Okawaru
Qazlal
Ru
Sif Muna
Uskayaw
Xom
Yredelemnul
Zin
The Shining One


Innate Abilities, Weirdness & Mutations

You sometimes lose your temper in combat.


Message History

The water moccasin is distracted by your dazzling golden aura.
The water moccasin hisses angrily.
You slash the water moccasin!
The water moccasin is no longer distracted by gold.
The water moccasin is almost dead.
The water moccasin closely misses you.
You closely miss the water moccasin.
The water moccasin is almost dead.
The orc is no longer distracted by gold.
The water moccasin bites you but does no damage.
The orc priest is distracted by your dazzling golden aura.
The water moccasin bites you.
You closely miss the water moccasin.
The water moccasin is almost dead.
The orc is distracted by your dazzling golden aura.
The water moccasin is distracted by your dazzling golden aura.
You miss the water moccasin.
The water moccasin is no longer distracted by gold.
The water moccasin hisses angrily.
The water moccasin is almost dead.
You are no longer berserk.
You are exhausted.
You feel yourself slow down.
The orc shouts!
The orc priest shouts!
The water moccasin bites you.
* * * LOW HITPOINT WARNING * * *
You are poisoned.
The water moccasin poisons you!
* * * LOW HITPOINT WARNING * * *
You feel very sick. The water moccasin closely misses you.
Things that are here:
6 gold pieces; a +0 dagger The water moccasin attacks as you move away!
The water moccasin bites you.
* * * LOW HITPOINT WARNING * * *
You are more poisoned.
The water moccasin poisons you!
You die...
Your body crumbles into a pile of gold.

.#. ... #.# #.#
#.# #.#
#.#####.##########
#.......<.........
#######...@$####
#####$# #S# #o#
#o#


oo. .o. ..... ..... You could see a water moccasin, 2 orc priests and 2 orcs.

Vanquished Creatures
  A black bear (D:5)
  A phantom (D:5)
  A bullfrog (D:6)
  A scorpion (D:5)
  An orc priest (D:6)
  3 hounds
  3 iguanas (D:5)
  3 adders
  2 white imps (D:5)
  An ufetubus (D:4)
  3 worms (D:2)
  6 orcs
  3 ball pythons
  5 bats
  6 endoplasms
  5 giant cockroaches
  9 goblins
  7 hobgoblins
  4 jackals (D:2)
  5 kobolds
  4 quokkas
  3 frilled lizards
  6 rats
83 creatures vanquished.

Notes
Turn   | Place    | Note
-------+----------+-------------------------------------------
     0 | D:1      | SensoryNuts the Hill Orc Fighter began the quest for the
                  | Orb.
     0 | D:1      | Reached XP level 1. HP: 19/19 MP: 1/1
    57 | D:1      | Reached XP level 2. HP: 10/27 MP: 2/2
    58 | D:1      | Reached skill level 3 in Axes
   239 | D:1      | Found a faded altar of an unknown god.
  1321 | D:2      | Reached XP level 3. HP: 33/33 MP: 3/3
  1462 | D:2      | Reached skill level 4 in Axes
  1707 | D:2      | Reached XP level 4. HP: 40/40 MP: 4/4
  2356 | D:3      | Found a white marble altar of Elyvilon.
  2376 | D:3      | Found a shimmering altar of Xom.
  2589 | D:3      | Reached skill level 5 in Axes
  2746 | D:3      | Reached XP level 5. HP: 43/46 MP: 5/5
  2890 | D:4      | Found a staircase to the Ecumenical Temple.
  2926 | Temple   | Entered the Ecumenical Temple
  2926 | Temple   | Noticed a hellion
  2926 | Temple   | Noticed a rust devil
  2926 | Temple   | Noticed a reaper
  2927 | Temple   | Noticed Meoqat the pandemonium lord
  2927 | Temple   | Noticed a chaos spawn
  2927 | Temple   | Noticed Daxzil the pandemonium lord
  2927 | Temple   | Noticed an ice devil
  2930 | Temple   | Noticed Zeasch the pandemonium lord
  2932 | Temple   | Noticed a reaper
  2970 | Temple   | Noticed a neqoxec
  2970 | Temple   | Noticed Qielau Ylei the pandemonium lord
  2987 | Temple   | Noticed a rust devil
  2988 | Temple   | Noticed a hell beast
  2988 | Temple   | Noticed Cope the pandemonium lord
  2998 | Temple   | Noticed a red devil
  2998 | Temple   | Noticed Woarutuz the pandemonium lord
  3119 | Temple   | Became a worshipper of Gozag Ym Sagoz the Greedy
  3261 | D:4      | Found a hide-covered altar of Uskayaw.
  3501 | D:5      | Entered Level 5 of the Dungeon
  3857 | D:5      | Noticed a phantom
  3863 | D:5      | Killed a phantom
  3864 | D:5      | Reached skill level 6 in Axes
  3864 | D:5      | Reached XP level 6. HP: 51/53 MP: 6/6
  4247 | D:5      | Reached skill level 7 in Axes
  4519 | D:5      | Noticed a black bear
  4529 | D:5      | Killed a black bear
  4530 | D:5      | Reached XP level 7. HP: 46/60 MP: 7/7
  4982 | D:5      | Gained mutation: You sometimes lose your temper in combat.
                  | [potion of mutation]
  5337 | D:6      | Reached skill level 8 in Axes
  5370 | D:6      | Succumbed to a water moccasin's poison

Illustrated notes

Levels and vault maps discovered:
D:1:      saegor_arrival_miasma, layout_basic,
          shapermc_ecumenical_altar_starsandcircs
D:2:      layout_loops_ring
D:3:      layout_basic, mainiacjoe_overflow_large_starburst
D:4:      layout_rooms, mainiacjoe_overflow_alcove_1,
          minmay_temple_entry_sparse_star
D:5:      black_bear_nest_1, layout_loops_cross, hangedman_abyss_or_decor_stabs,
          minmay_misc_feat_tower
D:6:      layout_loops_ring, trog_ov_bears_minmay, kennysheep_generic_room_15,
          uniq_eustachio
Temple:   nicolae_temple_panitentiary

Skill      XL: |  1  2  3  4  5  6  7 |
---------------+----------------------+-----
Axes           | 3 4 5 6 7 8 |  8.0
Fighting       | 4 |  4.8
Armour         | 4 |  4.8
Shields        | 4 |  4.1
Dodging        | |  0.9
Stealth        | |  0.4

Action                   |  1- 3 |  4- 6 |  7- 9 || total
-------------------------+-------+-------+-------++-------
Melee: War axe           |   112 |   154 |    21 ||   287
  Use: Potion            |       |     4 |     5 ||     9
       Scroll            |       |       |    18 ||    18
Armor: Scale mail        |    54 |    59 |     5 ||   118
Dodge: Dodged            |    52 |    67 |     6 ||   125
Block: Buckler           |    21 |    35 |       ||    56

Table legend: (Time is in decaauts)
 A = Elapsed time spent in this place.
 B = Non-inter-level travel time spent in this place.
 C = Inter-level travel time spent in this place.
 D = Time resting spent in this place.
 E = Time spent auto-exploring this place.
 F = Levels seen in this place.
 G = Mean time per level.
                   A        B        C        D        E       F      G
               +--------+--------+--------+--------+--------+-----+--------+
         Total |   5425 |   5200 |    225 |    375 |   3939 |   7 |  775.0 |
       Dungeon |   5203 |   4978 |    225 |    375 |   3859 |   6 |  867.2 |
        Temple |    221 |    221 |      0 |      0 |     80 |   1 |  221.0 |
               +--------+--------+--------+--------+--------+-----+--------+

Top non-repeatable levels by time:
     D:5: 1827 daAuts
     D:1: 1266 daAuts
     D:2: 1127 daAuts
     D:4: 511 daAuts
     D:3: 437 daAuts
  Temple: 221 daAuts
     D:6: 33 daAuts
